 Dungeon Crawl Stone Soup version 0.16.0-14-g63f578d (webtiles) character file.

2382 GeneralIdiocy the Protected (level 9, -10/72 HPs)
             Began as a Demonspawn Skald on Mar 18, 2015.
             Was an Initiate of Ashenzari.
             Mangled by a gnoll
             ... wielding a +0 halberd of electrocution
              (12 damage)
             ... in a bailey.
             The game lasted 00:14:59 (6264 turns).

GeneralIdiocy the Protected (Demonspawn Skald)      Turns: 6264, Time: 00:14:59

Health: -10/72     AC: 22    Str: 12    XL:     9   Next: 22%
Magic:  14/14      EV:  2    Int: 15    God:    Ashenzari [......]
Gold:   293        SH: 11    Dex: 13    Spells: 2 memorised, 8 levels left

rFire  + . .     SeeInvis .     a - +0 falchion
rCold  . . .     Clarity  .     k - +2 chain mail {rF+}
rNeg   . . .     SustAb   .     N - +0 large shield
rPois  .         Gourm    +     m - +2 hat
rElec  .         Spirit   .     (no cloak)
rCorr  .         Warding  .     (no gloves)
rMut   .         Stasis   .     (no boots)
MR     .....                    y - amulet of the gourmand
Stlth  ..........               (no ring)
                                t - ring of wizardry

@: not resistant to hostile enchantments, extremely unstealthy
A: hooves 1, rough black scales 2, demonic guardian 2, powered by death 1
a: Renounce Religion


You were in a bailey.
You worshipped Ashenzari.
Ashenzari was noncommittal.
You were not hungry.

You visited 2 branches of the dungeon, and saw 9 of its levels.
You also visited: Bailey.

You collected 293 gold pieces.

Inventory:

Hand weapons
 a - a +0 falchion (weapon)
 w - a +0 blowgun
Missiles
 v - 7 poisoned needles
 O - 19 tomahawks of returning (quivered)
Armour
 b - a +0 leather armour
 j - a +0 helmet
 k - a +2 chain mail of fire resistance (worn)
 m - a +2 hat (worn)
 N - a +0 large shield (worn)
Jewellery
 t - a ring of wizardry (left hand)
 y - an amulet of the gourmand (around neck)
 G - an uncursed amulet of guardian spirit
Magical devices
 u - a wand of hasting (2)
 B - a wand of magic darts (20)
 C - a wand of digging (4)
Scrolls
 g - a scroll of brand weapon {unknown}
 h - 2 scrolls of curse armour
 i - 4 scrolls of teleportation {unknown}
 n - a scroll of immolation {unknown}
 o - 2 scrolls of blinking {unknown}
 p - a scroll of magic mapping {unknown}
 q - a scroll of enchant armour {unknown}
 r - a scroll of recharging {unknown}
 x - 2 scrolls of fear {unknown}
 E - a scroll of curse weapon
 J - 3 scrolls of remove curse
 L - a scroll of identify
 M - a scroll of enchant weapon {unknown}
Potions
 e - 2 potions of brilliance
 f - a potion of cure mutation
 l - 2 potions of haste
 s - a potion of heal wounds
 A - 2 potions of berserk rage
 D - a potion of flight
 H - a potion of restore abilities
 I - 2 potions of curing
Books
 c - a book of Battle

   Spells                             Type                      Level
   a - Infusion                       Charms                       1
   b - Shroud of Golubria             Charms/Translocation         2
   c - Song of Slaying                Charms                       2
   d - Spectral Weapon                Hexes/Charms                 3
   e - Regeneration                   Charms/Necromancy            3
Comestibles
 d - 6 bread rations
 z - 5 meat rations
 F - a slice of pizza
 K - 5 fruits


   Skills:
 - Level 7.6 Fighting
 + Level 3.1 Long Blades
 - Level 8.3 Armour
 - Level 0.8 Dodging
 + Level 2.4 Shields
 - Level 2.0 Spellcasting
 - Level 2.6 Charms


You had 8 spell levels left.
You knew the following spells:

 Your Spells              Type           Power        Failure   Level  Hunger
a - Infusion              Chrm           #.....       100%        1    #......
b - Spectral Weapon       Hex/Chrm       #.......     100%        3    ###....


Dungeon Overview and Level Annotations

Branches:
Dungeon (8/15)             Temple (1/1) D:4
   Lair: D:8-11

Altars:
Ashenzari
Cheibriados
Dithmenos
Elyvilon
Fedhas
Gozag
Kikubaaqudgha
Makhleb
Nemelex Xobeh
Okawaru
Qazlal
Ru
Sif Muna
Trog
Vehumet
Xom
Yredelemnul
Zin
The Shining One

Shops:
D:4 %   D:5 *


Innate Abilities, Weirdness & Mutations

You have large cloven feet.
You are mostly covered in rough black scales (AC +7, Dex -2).
A demonic guardian rushes to your aid.
You can steal the life force of nearby defeated enemies.


Message History

The gnoll hits you but does no damage.
You hit the gnoll.
The gnoll is moderately wounded.
You block the gnoll's attack.
The gnoll hits you with a halberd of electrocution.
You are electrocuted!
You block the gnoll's attack.
You barely miss the gnoll.
The gnoll is moderately wounded.
You block the gnoll's attack.
The gnoll hits you from afar with a halberd of electrocution.
You hit the gnoll. Your kick misses the gnoll.
The gnoll is moderately wounded.
The gnoll hits you but does no damage.
You are electrocuted!
* * * LOW HITPOINT WARNING * * *
The gnoll hits you but does no damage. The gnoll barely misses you.
The gnoll hits you from afar with a halberd of electrocution!
* * * LOW HITPOINT WARNING * * *
You are electrocuted!
You die...

#.###.# #g# #'# ###
#### ### ##
#†###.###.# #.# #.#
##g##'##'## +##'##'#
##.....## #.....#
###.g...#####.....###
#.'..g..'.#.'..∩..(.#
###.....#####...)(###
#....@## ##(..((##
#'##'##'###)##)##(##
#.# #.###)'.###.###∩#
## ### ##### ### ###


You could see 2 gnolls and a hobgoblin.

Vanquished Creatures
  A water moccasin (D:5)
  An ice beast (D:6)
  A black bear (D:8)
  2 sky beasts
  The ghost of gw the Ducker, an average FeAE (D:3)
  An ogre (D:6)
  2 giant frogs
  2 scorpions (D:5)
  A wyvern skeleton (D:7)
  A centaur zombie (D:6)
  A jelly (D:5)
  2 centaur skeletons
  3 hounds
  A quasit (D:4)
  2 orc priests
  A giant frog skeleton (D:6)
  2 orc wizards (D:5)
  An iguana (D:4)
  3 worker ants
  2 hell rats (D:6)
  Ijyb (D:6)
  2 hound skeletons (D:4)
  8 gnolls
  A worker ant zombie (D:5)
  3 river rats (D:6)
  9 adders
  A shadow imp (D:6)
  A giant mite (D:6)
  A worm (D:3)
  An ooze (D:6)
  10 orcs
  13 bats
  4 giant cockroaches
  11 hobgoblins
  16 jackals
  20 kobolds
  3 quokkas
  5 ball pythons
  A ball python skeleton (D:4)
  3 giant newts
  15 goblins
  40 rats
200 creatures vanquished.

Vanquished Creatures (collateral kills)
  The ghost of VortexMagus the Covert, an experienced SpEn of Gozag (Bailey)
  2 hungry ghosts
  A sky beast (D:6)
  Blork the orc (D:6)
  An iguana (D:6)
  2 gnolls (Bailey)
  2 orcs
  A bat (D:4)
11 creatures vanquished.

Vanquished Creatures (others)
  A sixfirhy (D:7)
  A crimson imp (D:3)
  4 quasits
  2 iron imps (D:4)
  2 white imps
  2 ufetubi (D:4)
  3 fungi (D:5)
15 creatures vanquished.

Grand Total: 226 creatures vanquished

Notes
Turn   | Place    | Note
--------------------------------------------------------------
     0 | D:1      | GeneralIdiocy, the Demonspawn Skald, began the quest for the Orb.
     0 | D:1      | Reached XP level 1. HP: 16/16 MP: 3/3
   425 | D:1      | Gained mutation: You are partially covered in rough black scales (AC +4, Dex -1). [demonic ancestry]
   425 | D:1      | Reached XP level 2. HP: 20/23 MP: 4/4
   572 | D:1      | Reached skill level 3 in Fighting
  1001 | D:2      | Gained mutation: You can steal the life force of nearby defeated enemies. [demonic ancestry]
  1001 | D:2      | Reached XP level 3. HP: 24/29 MP: 6/6
  1259 | D:2      | Found an ancient bone altar of Kikubaaqudgha.
  1321 | D:2      | Reached skill level 4 in Fighting
  1541 | D:3      | Noticed gw's ghost (average FeAE)
  1567 | D:3      | Killed gw's ghost
  1567 | D:3      | Reached skill level 5 in Fighting
  1567 | D:3      | Gained mutation: You are mostly covered in rough black scales (AC +7, Dex -2). [demonic ancestry]
  1567 | D:3      | Reached XP level 4. HP: 5/39 MP: 2/7
  1567 | D:3      | Gained mutation: A weak demonic guardian rushes to your aid. [demonic ancestry]
  1567 | D:3      | Reached XP level 5. HP: 5/44 MP: 2/9
  2195 | D:4      | Reached skill level 6 in Fighting
  2308 | D:4      | Reached XP level 6. HP: 22/53 MP: 10/10
  2427 | D:4      | Found a glowing silver altar of Zin.
  2672 | D:4      | Reached skill level 7 in Fighting
  2734 | D:4      | Found Zurevvee's Food Shoppe.
  2770 | D:4      | Noticed a hungry ghost
  2787 | D:4      | Killed a hungry ghost
  2862 | D:4      | Found a staircase to the Ecumenical Temple.
  2870 | Temple   | Entered the Ecumenical Temple
  3242 | D:5      | Entered Level 5 of the Dungeon
  3256 | D:5      | Reached skill level 1 in Armour
  3256 | D:5      | Gained mutation: You have large cloven feet. [demonic ancestry]
  3256 | D:5      | Reached XP level 7. HP: 55/60 MP: 12/12
  3768 | D:5      | Learned a level 3 spell: Spectral Weapon
  3920 | D:5      | Found Modugy's Serpentskin Sales.
  3920 | D:5      | Noticed a water moccasin
  3936 | D:5      | Killed a water moccasin
  4012 | D:5      | Reached skill level 5 in Armour
  4026 | D:5      | Gained mutation: A demonic guardian rushes to your aid. [demonic ancestry]
  4026 | D:5      | Reached XP level 8. HP: 63/67 MP: 13/13
  4092 | D:5      | Found a radiant altar of Vehumet.
  4389 | D:6      | Noticed Blork the orc
  4391 | D:6      | Noticed Ijyb
  4414 | D:6      | Killed Blork the orc
  4422 | D:6      | Killed Ijyb
  4790 | D:6      | Found a shimmering altar of Xom.
  4891 | D:6      | Found a glowing golden altar of the Shining One.
  4892 | D:6      | Found a shattered altar of Ashenzari.
  4902 | D:6      | Became a worshipper of Ashenzari the Shackled
  4932 | D:6      | Found a snail-covered altar of Cheibriados.
  5450 | D:7      | Reached skill level 8 in Armour
  5455 | D:7      | Gained mutation: You are dopey. (Int -2) [mutagenic meat]
  5456 | D:7      | Lost mutation: You are dopey. (Int -2) [potion of cure mutation]
  5702 | D:7      | Found a bloodstained altar of Trog.
  5810 | D:8      | Reached XP level 9. HP: 72/72 MP: 14/14
  5824 | D:8      | Reached skill level 1 in Shields
  5829 | D:8      | Found a flagged portal.
  5894 | Bailey   | Entered a bailey
  6115 | Bailey   | Noticed VortexMagus' ghost (experienced SpEn)
  6138 | Bailey   | Killed VortexMagus' ghost
  6264 | Bailey   | HP: 2/72 [gnoll/halberd of electrocution (11)]
  6264 | Bailey   | Mangled by a gnoll

Action                   |  1- 3 |  4- 6 |  7- 9 || total
-------------------------+-------+-------+-------++-------
Melee: Falchion          |   133 |   215 |   451 ||   799
 Cast: Infusion          |     2 |       |       ||     2
Evoke: Wand              |       |       |     1 ||     1
  Use: Scroll            |       |     5 |     3 ||     8
       Potion            |       |     1 |     2 ||     3
  Eat: Chunk             |     1 |       |    18 ||    19
       Meat ration       |       |     1 |       ||     1
       Royal jelly       |       |       |     1 ||     1
